 Dungeon Crawl Stone Soup version 0.27.1 (webtiles) character file.

Game seed: 13779181478054477015

0 r3algoood the Conjurer (level 1, 0/14 HPs)
             Began as a Demigod Conjurer on Aug 31, 2021.
             Constricted to death by a ball python (1 damage)
             ... on level 1 of the Dungeon.
             The game lasted 00:00:47 (25 turns).

r3algoood the Conjurer (Demigod Conjurer)             Turns: 25, Time: 00:00:48

Health: 0/14       AC:  0    Str:  8    XL:     1   Next: 6%
Magic:  4/5        EV:  9    Int: 20    God:
Gold:   0          SH:  0    Dex: 12    Spells: 2/3 levels left

rFire    . . .     SeeInvis .   (no weapon)
rCold    . . .     Faith    .   (no shield)
rNeg     . . .     Spirit   .   (no armour)
rPois    .         Reflect  .   (no helmet)
rElec    .         Harm     .   (no cloak)
rCorr    +         Rampage  .   (no gloves)
Will     .....                  (no boots)
Stlth    ++........             (no amulet)
HPRegen  0.04/turn              b - ring of resist corrosion
MPRegen  0.09/turn              (no ring)

@: constricted
A: high mp 1, forlorn
a: no special abilities


You were on level 1 of the Dungeon.
You visited 1 branch of the dungeon, and saw 1 of its levels.

Inventory:

Armour
 a - a +0 robe
 c - a +2 leather armour of poison resistance
Jewellery
 b - a ring of resist corrosion (left hand)


   Skills:
 + Level 1.7 Dodging
 + Level 1.7 Stealth
 + Level 1.7 Spellcasting
 + Level 3.6 Conjurations


You had 2 spell levels left.
You knew the following spells:

 Your Spells              Type           Power      Damage    Failure   Level
a - Magic Dart            Conj           64%        1d6       3%          1

Your spell library contained the following spells:

 Spells                   Type           Power      Damage    Failure   Level
 Searing Ray              Conj           32%        3d4       5%          2
 Dazzling Flash           Conj/Hex       18%        N/A       22%         3
 Fulminant Prism          Conj/Hex       4%         3d6       58%         4
 Iskenderun's Mystic Bla  Conj/Tloc      9%         2d4       58%         4


Dungeon Overview and Level Annotations

Branches:
Dungeon (1/15)


Innate Abilities, Weirdness & Mutations

Your attributes grow dramatically as you level up.
You have an increased reservoir of magic. (+10% MP)
You shall have no god before yourself.


Message History

Aiming: Magic Dart (safe; 3% risk of failure)
Press: ? - help, Shift-Dir - straight line, f - ball python
Aim: a ball python (100% to hit)
The magic dart hits the ball python.
You kill the ball python!
The kobold shouts!
You hear a shout!
A hobgoblin comes into view.
The bat closely misses you.
c - a +2 leather armour of poison resistance The bat hits you but does no damage.
Keep disrobing?
The kobold throws a stone.
The stone barely misses you. The ball python closely misses you.
The ball python grabs you. The ball python constricts you.
You start removing your armour.
You continue taking off your +0 robe.
The bat barely misses you. The ball python barely misses you.
The ball python constricts you.
The kobold throws a stone.
The stone hits you.
You continue taking off your +0 robe.
The bat hits you but does no damage.
The ball python bites you but does no damage.
The ball python constricts you.
The kobold throws a stone.
The stone barely misses you.
You continue taking off your +0 robe.
The bat hits you. The ball python closely misses you.
The ball python constricts you.
You continue taking off your +0 robe.
The bat hits you but does no damage. The ball python bites you.
The ball python constricts you. The ball python barely misses you.
The ball python constricts you.
You finish taking off your +0 robe.
The bat hits you.
Keep equipping yourself?
The ball python closely misses you. The ball python constricts you.
You start putting on your armour.
You continue putting on your +0 robe.
The bat hits you. x2
* * * LOW HITPOINT WARNING * * *
The ball python bites you.
* * * LOW HITPOINT WARNING * * *
The ball python constricts you.
You die...

.# #.#### ....
.....#
##.#.#.#.#..#
......(.....#
.#.#.#.#.#..#
#............#####
#.#.#.#.#.#Sg.....
.........@#
#.#.#.#b##
####......###.#
.............>#
#.#####......#####
#.[......[...##
#..##'''##.......
#..#.....#..##.##
#..#.....#.....#


You could see a hobgoblin, a bat and a ball python.

Vanquished Creatures
  A ball python (D:1)
1 creature vanquished.

Notes
Turn   | Place    | Note
-------+----------+-------------------------------------------
     0 | D:1      | r3algoood the Demigod Conjurer began the quest for the Orb.
     0 | D:1      | Reached XP level 1. HP: 14/14 MP: 5/5
    25 | D:1      | Constricted to death by a ball python

Illustrated notes

Levels and vault maps discovered:
D:1:      dpeg_arrival_windows_large_door, layout_basic,
          shapermc_ecumenical_altar_mp_urbaneastern, st_stairs_9

Action                   || total
-------------------------++-------
 Cast: Magic Dart        ||     1
Armor: Robe              ||     5
Dodge: Dodged            ||    10
